 Dungeon Crawl Stone Soup version 0.31.0-11-ge490571c62 (webtiles) character file.

Game seed: 11542074498659916357

7833 Esekla the Covert (level 11, -15/53 HPs)
             Began as a Spriggan Warper on Jan 27, 2024.
             Was a Believer of Vehumet.
             Demolished by an ettin zombie (19 damage)
             ... led by a necromancer
             ... on level 1 of the Orcish Mines.
             The game lasted 01:08:00 (8979 turns).

Esekla the Covert (Spriggan Warper)                 Turns: 8979, Time: 01:08:01

Health: -15/53     AC: 11    Str:  7    XL:     11   Next: 2%
Magic:  32/34      EV: 25    Int: 19    God:    Vehumet [**....]
Gold:   619        SH:  0    Dex: 11    Spells: 9/28 levels left

rFire   . . .        c - +7 falchion "Somaelum" {flame, Fly rC+}
rCold   + + +        (no shield)
rNeg    . . .        q - +1 robe "Doulucei" {rC++ Regen+ Dex-4 Stlth+}
rPois   .            (helmet restricted)
rElec   .            z - +1 cloak
rCorr   .            (gloves unavailable)
SInv    +            (boots unavailable)
Will    +....        k - amulet of the acrobat
Stlth   +++++        h - ring of magical power
HPRegen 1.08/turn    J - +5 ring of evasion
MPRegen 0.24/turn

%: acrobat
@: ice-armoured, flying, very quick
A: very small, no large weapons, unfitting armour, see invisible, speed 3
a: Renounce Religion


You were on level 1 of the Orcish Mines.
You worshipped Vehumet.
Vehumet was pleased with you.
You visited 3 branches of the dungeon, and saw 11 of its levels.
You also visited: Ossuary.

You collected 634 gold pieces.
You spent 15 gold pieces at shops.

Inventory:

Hand Weapons
 a - a +4 dagger of venom
 c - the +7 falchion "Somaelum" (weapon) {flame, Fly rC+}
   (You found it on level 4 of the Dungeon)

   rC+:       It protects you from cold.
   Fly:       It grants you flight.
 r - a +1 spear of venom
Missiles
 d - 7 darts of dispersal
 j - 6 poisoned darts
 M - 3 boomerangs (quivered)
Armour
 b - a scarf of repulsion
 q - the +1 robe "Doulucei" (worn) {rC++ Regen+ Dex-4 Stlth+}
   (You found it on level 4 of the Dungeon)

   Dex-4:     It affects your dexterity (-4).
   rC++:      It greatly protects you from cold.
   Regen+:    It increases your rate of health regeneration.
   Stlth+:    It makes you more stealthy.
 z - a +1 cloak (worn)
Jewellery
 e - a ring of ice
 h - a ring of magical power (left hand)
 k - an amulet of the acrobat (around neck)
 t - a ring of resist corrosion
 x - a ring of fire
 y - a ring of willpower
 J - a +5 ring of evasion (right hand)
Wands
 l - a wand of flame (42)
 L - a wand of quicksilver (3)
Scrolls
 i - 3 scrolls of enchant weapon
 n - 4 scrolls of teleportation
 p - a scroll of blinking
 u - 2 scrolls of enchant armour
 A - a scroll of fear
 D - 2 scrolls of fog {unknown}
 E - 2 scrolls of poison
 I - 4 scrolls of amnesia
 K - a scroll of immolation {unknown}
Potions
 f - 2 potions of ambrosia {unknown}
 g - 3 potions of curing
 m - a potion of cancellation
 o - a potion of heal wounds
 s - 3 potions of attraction
 v - 6 potions of mutation
 w - 2 potions of invisibility
 B - a potion of magic {unknown}
 C - a potion of brilliance
 F - 2 potions of haste {unknown}
 G - a potion of might {unknown}
 H - a potion of lignification {unknown}


   Skills:
 + Level 3.8 Fighting
 * Level 7.6(8.2) Short Blades
 + Level 3.2(4.9) Long Blades
 + Level 2.0 Throwing
 * Level 8.4 Dodging
 + Level 10.1 Stealth
 * Level 9.1 Spellcasting
 * Level 4.7 Necromancy
 + Level 6.2 Translocations
 * Level 4.1 Ice Magic
 * Level 2.5 Air Magic
 + Level 0.2 Evocations


You had 9 spell levels left.
You knew the following spells:

 Your Spells              Type           Power      Damage    Failure   Level
a - Ozocubu's Armour      Ice            24%        N/A       4%          3
b - Blink                 Tloc           64%        N/A       1%          2
h - Vhi's Electric Charg  Tloc/Air       50%        N/A       14%         4
r - Frozen Ramparts       Ice            48%        1d8       4%          3
u - Dispel Undead         Necr           26%        3d13      12%         4
w - Fugue of the Fallen   Necr           26%        N/A       3%          3

Your spell library contained the following spells:

 Spells                   Type           Power      Damage    Failure   Level
 Stone Arrow              Conj/Erth      16%        3d8       24%         3
 Lesser Beckoning         Tloc           64%        N/A       1%          2
 Teleport Other           Tloc           32%        N/A       1%          3
 Cigotuvi's Dreadful Rot  Necr/Alch/Air  34%        N/A       4%          2
 Ensorcelled Hibernation  Hex/Ice        32%        N/A       5%          2
 Manifold Assault         Tloc           32%        N/A       6%          4
 Volatile Blastmotes      Fire/Tloc      40%        2d13      7%          3
 Dazzling Flash           Conj/Hex       16%        N/A       24%         3
 Inner Flame              Hex/Fire       8%         N/A       24%         3
 Anguish                  Hex/Necr       8%         N/A       30%         4
 Martyr's Knell           Necr/Summ      17%        N/A       30%         4
 Flame Wave               Conj/Fire      8%         2d5       63%         4
 Leda's Liquefaction      Alch/Erth      4%         N/A       63%         4
 Petrify                  Alch/Erth      8%         N/A       63%         4
 Sticky Flame             Fire/Alch      8%         2d4       63%         4
 Metabolic Englaciation   Hex/Ice        8%         N/A       67%         5
 Death Channel            Necr           13%        N/A       87%         6
 Starburst                Conj/Fire      4%         6d3       100%        6
 Maxwell's Capacitive Co  Air            9%         ∞         100%        8


Dungeon Overview and Level Annotations

Branches:
Dungeon (9/15)             Temple (1/1) D:7            Lair (0/5) D:8
    Orc (1/2) D:9         Ossuary (visited)

Altars:
Ashenzari
Cheibriados
Elyvilon
Fedhas
Gozag
Makhleb
Nemelex Xobeh
Okawaru
Ru
Sif Muna
Trog
Uskayaw
Vehumet
Wu Jian
Xom
Yredelemnul
Zin
The Shining One

Shops:
D:2 (   D:6 :   D:7 *   D:9 (

Annotations:
D:6 Pikel
D:8 Erica


Innate Abilities, Weirdness & Mutations

You are very small and have problems with some larger weapons.
You are too small for most types of armour.
You have supernaturally acute eyesight. (SInv)
You cover ground extremely quickly. (Speed+++)


Message History

You hit the ettin zombie but do no damage.
The ettin zombie misses you.
The ettin zombie hits you but does no damage.
You slash the ettin zombie! You burn the ettin zombie.
The ettin zombie is lightly damaged.
The ettin zombie barely misses you. The ettin zombie hits you!
You slash the ettin zombie! You burn the ettin zombie.
You punch the ettin zombie, but do no damage.
The ettin zombie is moderately damaged.
The ettin zombie hits you. The ettin zombie completely misses you.
You hit the ettin zombie. You burn the ettin zombie.
The ettin zombie is moderately damaged.
The ettin zombie completely misses you. The ettin zombie misses you.
You hit the ettin zombie. You burn the ettin zombie.
The ettin zombie is moderately damaged.
You slash the ettin zombie! You burn the ettin zombie.
The ettin zombie is heavily damaged.
The ettin zombie hits you!! The ettin zombie completely misses you.
You hit the ettin zombie. You burn the ettin zombie.
The ettin zombie is severely damaged.
The ettin zombie misses you. The ettin zombie barely misses you.
Your icy armour cracks and falls away as you move.
You see here a +0 mace.
There is an open door, spattered with blood here.
Items here: ))))))) [[[[ ÷÷.
You see here a +3 short sword.
Casting: Ozocubu's Armour (dangerous; 4% risk of failure)
Confirm with . or Enter, or press ? or * to list all spells.
A film of ice covers your body!
The orc priest shouts!
You hit the ettin zombie. You burn the ettin zombie.
You punch the ettin zombie, but do no damage.
The ettin zombie is severely damaged.
The ettin zombie completely misses you. The ettin zombie hits you!
You hit the ettin zombie but do no damage.
The ettin zombie is severely damaged.
The ettin zombie hits you!!
* * * LOW HITPOINT WARNING * * *
The ettin zombie hits you!!
You die...

### ########_#########
.................#
..............[[)# .
#'............)Z### ...
.#..........Z.)#@)##≈K...
.######...######.<.#≈K...
##≈≈≈≈#'')#≈≈≈≈##.##≈....
#≈≈..≈8...8≈..≈≈### ....
≈≈.............≈≈≈≈ ..
$...................
.....................
######............#...
##................


You could see a kobold blastminer and an ettin zombie.

Vanquished Creatures
  Amaemon (D:8)
  2 necromancers (Orc:1)
  A manticore (D:9)
  Joseph (D:8)
  An orange demon (D:8)
  A komodo dragon (D:8)
  A troll (D:5)
  2 hornets
  Sigmund (D:5)
  2 wyverns
  An ettin skeleton (Orc:1)
  A water moccasin (D:5)
  2 black bears
  5 orc warriors
  A sky beast (D:7)
  3 ice beasts
  2 laughing skulls (D:9)
  3 ogres
  3 centaurs
  2 phantoms
  An elf zombie (Ossuary)
  3 lemures (D:6)
  A gnoll sergeant (D:7)
  3 bullfrogs
  3 scorpions
  2 burial acolytes (Ossuary)
  A howler monkey (D:6)
  A jelly (D:5)
  A gnoll bouda (D:5)
  A kobold simulacrum (Orc:1)
  3 bombardier beetles (D:4)
  Crazy Yiuf (D:6)
  6 orc priests
  5 hounds
  2 sleepcaps
  Jessica (D:2)
  10 orc wizards
  4 iguanas
  An ogre skeleton (Orc:1)
  4 mummies (Ossuary)
  7 gnolls
  8 adders
  A white imp (D:8)
  2 orc skeletons (Orc:1)
  A dart slug (D:3)
  35 orcs
  5 bats
  8 endoplasms
  3 giant cockroaches
  A gnoll zombie (Ossuary)
  2 goblins
  7 hobgoblins
  4 jackals
  A kobold (D:3)
  3 quokkas
  7 ball pythons
  A frilled lizard (D:1)
  2 kobold zombies
  5 orc zombies (Ossuary)
  7 rats
200 creatures vanquished.

Notes
Turn   | Place    | Note
-------+----------+-------------------------------------------
     0 | D:1      | Esekla the Spriggan Warper began the quest for the Orb.
     0 | D:1      | Reached XP level 1. HP: 10/10 MP: 5/5
   287 | D:1      | Reached XP level 2. HP: 15/15 MP: 7/7
   290 | D:1      | Learned a level 2 spell: Blink
   382 | D:1      | Reached skill level 1 in Stealth
   934 | D:2      | Noticed Jessica
   936 | D:2      | Killed Jessica
   937 | D:2      | Reached skill level 2 in Stealth
   937 | D:2      | Reached XP level 3. HP: 18/18 MP: 8/8
   937 | D:2      | Found a glowing silver altar of Zin.
   957 | D:2      | Found Zoenymom's Weapon Emporium.
  1152 | D:2      | Reached XP level 4. HP: 23/23 MP: 10/10
  1213 | D:2      | You fall into a shaft and drop 1 floor!
  1339 | D:3      | Learned a level 3 spell: Frozen Ramparts
  1472 | D:3      | Found a shimmering blue altar of Sif Muna.
  1969 | D:4      | Noticed a phantom
  2002 | D:4      | Reached skill level 3 in Stealth
  2032 | D:4      | Identified the +7 falchion "Somaelum" {flame, Fly rC+}
  2044 | D:4      | Identified the +1 robe "Doulucei" {rC++ Regen+ Dex-4
                  | Stlth+}
  2062 | D:3      | Reached skill level 4 in Stealth
  2062 | D:3      | Reached XP level 5. HP: 25/26 MP: 11/11
  2340 | D:4      | Reached skill level 1 in Ice Magic
  2340 | D:4      | Reached XP level 6. HP: 27/30 MP: 12/12
  2565 | D:5      | Entered Level 5 of the Dungeon
  2603 | D:5      | Noticed Sigmund
  2619 | D:5      | Reached skill level 5 in Stealth
  2700 | D:5      | Reached XP level 7. HP: 30/35 MP: 14/14
  2730 | D:5      | Reached skill level 5 in Dodging
  2747 | D:5      | Killed Sigmund
  2834 | D:5      | Reached skill level 5 in Short Blades
  2879 | D:5      | Reached skill level 5 in Translocations
  2902 | D:5      | Reached skill level 6 in Stealth
  2973 | D:5      | Reached XP level 8. HP: 39/39 MP: 15/15
  3124 | D:5      | Found an iron altar of Okawaru.
  3139 | D:5      | Reached skill level 1 in Long Blades
  3139 | D:5      | Reached skill level 5 in Spellcasting
  3451 | D:5      | Found a glowing golden altar of the Shining One.
  3492 | D:5      | Noticed a troll
  3511 | D:5      | Killed a troll
  3512 | D:5      | Reached skill level 7 in Stealth
  3784 | D:6      | Reached skill level 1 in Necromancy
  3827 | D:6      | Found Jomuetzu's Vocational Training.
  3959 | D:6      | Found a runed translucent door.
  3960 | D:6      | Noticed Crazy Yiuf
  3993 | D:6      | Killed Crazy Yiuf
  4065 | D:6      | Noticed Pikel
  4552 | D:6      | Found a sparkling altar of Nemelex Xobeh.
  5097 | D:7      | Learned a level 4 spell: Vhi's Electric Charge
  5102 | D:7      | Learned a level 4 spell: Dispel Undead
  5105 | D:7      | Found a staircase to the Ecumenical Temple.
  5108 | D:7      | Reached XP level 9. HP: 44/44 MP: 19/19
  5131 | Temple   | Entered the Ecumenical Temple
  5165 | Temple   | Became a worshipper of Vehumet
  5238 | D:7      | Found Qalevy's CLEARANCE SALE!.
  5242 | D:7      | Bought a potion of curing for 15 gold pieces
  5305 | D:7      | Found a snail-covered altar of Cheibriados.
  5321 | D:7      | Reached skill level 8 in Stealth
  5400 | D:7      | Found a sand-covered staircase.
  5438 | Ossuary  | Entered an ossuary
  5938 | D:8      | Reached * piety under Vehumet
  5938 | D:8      | Offered knowledge of Sandblast by Vehumet.
  6027 | D:8      | Noticed Erica
  6240 | D:8      | Noticed an orange demon
  6242 | D:8      | Noticed Amaemon
  6247 | D:8      | Killed an orange demon
  6248 | D:8      | Reached skill level 9 in Stealth
  6267 | D:8      | Noticed Joseph
  6269 | D:8      | Killed Amaemon
  6270 | D:8      | Reached XP level 10. HP: 40/49 MP: 22/22
  6559 | D:8      | Found a staircase to the Lair.
  6967 | D:8      | Killed Joseph
  7423 | D:9      | Noticed a manticore
  7549 | D:9      | Found a staircase to the Orcish Mines.
  7733 | D:9      | Found Farulyor's Hydra Hut.
  7744 | D:9      | Noticed an eight-headed hydra
  7831 | D:9      | Reached ** piety under Vehumet
  7831 | D:9      | Offered knowledge of Foxfire by Vehumet.
  7832 | D:9      | Reached skill level 10 in Stealth
  8017 | D:9      | Found a shimmering altar of Xom.
  8017 | D:9      | Found a blossoming altar of Fedhas.
  8225 | D:9      | Learned a level 3 spell: Fugue of the Fallen
  8307 | D:9      | Reached skill level 1 in Air Magic
  8369 | D:9      | Learned a level 3 spell: Ozocubu's Armour
  8426 | Orc:1    | Entered Level 1 of the Orcish Mines
  8426 | Orc:1    | Noticed a necromancer
  8426 | Orc:1    | Noticed a necromancer
  8427 | Orc:1    | HP: 2/49 [barbs]
  8460 | Orc:1    | Noticed a kobold blastminer
  8464 | Orc:1    | Noticed a kobold blastminer
  8521 | D:9      | Killed a manticore
  8679 | Orc:1    | Killed a necromancer
  8715 | Orc:1    | Offered knowledge of Stone Arrow by Vehumet.
  8794 | Orc:1    | Killed a necromancer
  8929 | Orc:1    | Reached XP level 11. HP: 33/53 MP: 24/24
  8979 | Orc:1    | Demolished by an ettin zombie

Illustrated notes

Levels and vault maps discovered:
D:1:      dpeg_arrival_erosion, layout_loops_ring
D:2:      layout_rooms, serial_shops, nicolae_shop_bloodbath_and_beyond,
          basic_altar, grunt_decor_resistance, uniq_jessica
D:3:      layout_basic, amcnicky_altar_gilded
D:4:      layout_rooms
D:5:      minmay_inner_zag, layout_cave_pools, mainiacjoe_overflow_brackets,
          general_overflow_altar, chequers_serial_rivers_small_3, uniq_sigmund
D:6:      layout_cave_pods, nemelex_dance_club_becter, nicolae_shop_vocational,
          uniq_crazy_yiuf_cottage, uniq_pikel
D:7:      layout_rooms, mainiacjoe_overflow_small_starburst, temple_doors_e,
          nicolae_ossuary_entry_ruins, nicolae_shop_clearance
D:8:      layout_gridville, david_lair_shrubbed, uniq_amaemon, uniq_erica,
          uniq_joseph
D:9:      layout_basic, gammafunk_temple_overflow_elements, david_orc_2,
          doesnt_shop_hydraphobe
Temple:   nicolae_temple_bog_church
Orc:1:    dreamdust_under_siege, layout_caves,
          mainiacjoe_minedec_watcher_in_the_water

Skill      XL: |  1  2  3  4  5  6  7  8  9 10 11 |
---------------+----------------------------------+-----
Spellcasting   | 3 4 6 7 8 9 |  9.1
Stealth        | 2 4 5 6 7 9 10 | 10.1
Dodging        | 4 5 6 7 8 |  8.4
Short Blades   | 3 4 5 6 7 |  7.6
Fighting       | 2 3 |  3.8
Ice Magic      | 1 2 3 4 |  4.1
Translocations | 5 6 |  6.2
Long Blades    | 1 2 3 |  3.2
Necromancy     | 2 3 4 |  4.7
Air Magic      | 2 |  2.5
Throwing       | 2 |  2.0
Evocations     | |  0.2

Action                     |  1- 3 |  4- 6 |  7- 9 | 10-12 || total
---------------------------+-------+-------+-------+-------++-------
  Melee: Short sword       |    13 |       |       |       ||    13
         Dagger            |    77 |   102 |   147 |   134 ||   460
         Punch             |     1 |     2 |     2 |     6 ||    11
         Falchion          |       |     4 |    49 |    83 ||   136
  Throw: Dart              |     2 |     2 |     6 |    18 ||    28
         Boomerang         |       |       |       |    10 ||    10
   Cast: Blink             |       |     1 |     6 |     2 ||     9
         Frozen Ramparts   |       |       |     7 |    16 ||    23
         Ozocubu's Armour  |       |       |       |    10 ||    10
         Fugue of the Fall |       |       |       |     6 ||     6
         Dispel Undead     |       |       |       |     3 ||     3
  Evoke: Wand              |       |       |     2 |       ||     2
    Use: Scroll            |       |       |    13 |     1 ||    14
         Potion            |       |       |     1 |     2 ||     3
   Stab: Sleeping          |     7 |     7 |    24 |     4 ||    42
 Armour: Robe              |    15 |    29 |    65 |    74 ||   183
  Dodge: Dodged            |    71 |    90 |   135 |   159 ||   455
         Repelled          |       |     1 |       |       ||     1
